 Dungeon Crawl Stone Soup version 0.31-a0-236-g9a0961fb85 (webtiles) character file.

Game seed: 3443827662483186825

81004 Shard1697 the Severer (level 16, -8/217 HPs)
             Began as a Meteoran Berserker on July 10, 2023.
             Was a High Priest of Trog.
             Mangled by a pharaoh ant (29 damage)
             ... on level 4 of the Spider Nest.
             The game lasted 00:40:47 (8309 turns).

Shard1697 the Severer (Meteoran Berserker)          Turns: 8309, Time: 00:40:48

Health: -8/217     AC: 28    Str: 29    XL:     16   Next: 66%
Magic:  15/15      EV:  2    Int:  9    God:    Trog [*****.]
Gold:   1652       SH:  0    Dex: 18    Spells: 15/15 levels left

rFire   . . .        a - +8 mithril axe "Arga" {speed, Will+}
rCold   . . .        (no shield)
rNeg    . . .        F - melded +1 scale mail "Ifrep" {rElec Slay+2}
rPois   +            (helmet currently unavailable)
rElec   .            o - melded +0 cloak
rCorr   .            s - melded +2 pair of gloves
SInv    .            x - melded +0 pair of boots
Will    +++..        (no amulet)
Stlth   +            n - +6 ring of strength
HPRegen 0.56/turn    y - ring of poison resistance
MPRegen 0.14/turn

%: no passive effects
@: confused, tree-form, on berserk cooldown, held, glowing
A: stationary, stasis, torment immunity, boosted hp, sense surroundings 2,
otherworldly, glowing, explore regen, (talons 1), (fire resistance 1), low MP 1
a: Renounce Religion, Berserk, Trog's Hand, Brothers in Arms


You were on level 4 of the Spider Nest.
You worshipped Trog.
Trog was extremely pleased with you.
You were a tree.
You visited 3 branches of the dungeon, and saw 18 of its levels.
You also visited: Ossuary and Bailey.

You collected 1773 gold pieces.
You spent 121 gold pieces at shops.

Inventory:

Hand Weapons
 a - the +8 mithril axe "Arga" (weapon) {speed, Will+}
   (You found it on level 8 of the Dungeon)

   Will:      It increases your willpower.
 b - a +2 hand axe of flaming
 w - the +8 broad axe of Lumemaf {heavy, rN+++ Will- Int-2 Dex+8}
   (Trog gifted it to you on level 1 of the Lair of Beasts)

   Int:       It affects your intelligence (-2).
   Dex:       It affects your dexterity (+8).
   rN:        It renders you almost immune to negative energy.
   Will:      It decreases your willpower.
Armour
 o - a +0 cloak (melded)
 s - a +2 pair of gloves (melded)
 x - a +0 pair of boots (melded)
 A - a +4 ring mail of willpower
 F - the +1 scale mail "Ifrep" (melded) {rElec Slay+2}
   (You found it on level 4 of the Lair of Beasts)

   Slay:      It affects your accuracy & damage with ranged weapons and melee
   (+2).
   rElec:     It insulates you from electricity.
Jewellery
 n - a +6 ring of strength (left branch)
 y - a ring of poison resistance (right branch)
 C - a ring of protection from cold
Wands
 p - a wand of iceblast (7)
 v - a wand of paralysis (6)
 D - a wand of polymorph (6)
 E - a wand of flame (11)
Scrolls
 g - 3 scrolls of vulnerability
 i - 3 scrolls of identify
 k - a scroll of blinking
 m - 3 scrolls of fear
 q - 3 scrolls of poison
 t - a scroll of revelation
 u - 5 scrolls of teleportation
Potions
 d - 5 potions of might
 f - 4 potions of enlightenment
 h - 2 potions of berserk rage
 l - 3 potions of lignification
 r - 4 potions of mutation
 z - 2 potions of heal wounds
 B - a potion of cancellation
 I - a potion of haste
Miscellaneous
 j - a phantom mirror
 H - a phial of floods (inert)


   Skills:
 + Level 13.9 Fighting
 + Level 19.8 Axes
 + Level 14.8 Armour
 - Level 10.1 Dodging
 + Level 5.4 Stealth
 - Level 10.4 Evocations


You had 15 spell levels left.
You didn't know any spells.
Your spell library was empty.

Dungeon Overview and Level Annotations

Branches:
Dungeon (9/15) Zot: 1890   Temple (0/1) D:4            Lair (5/5) D:9 Zot: 852
 Shoals (0/4) Lair:3       Spider (4/4) Lair:2 Zot: 522   Slime (0/5) Lair:5
Ossuary (visited)          Bailey (visited)
    Orc: D:9-12

Altars:
Ashenzari
Cheibriados
Makhleb
Okawaru
Trog
The Shining One
Jiyva

Shops:
D:1 ?   D:5 :[[[


Innate Abilities, Weirdness & Mutations

You are a tree.
Your roots penetrate the ground, keeping you stationary.
You cannot be teleported.
You are immune to unholy pain and torment.
Your maximum health is greatly increased.
Your equipment is partially melded.
You passively map the area around you.
You are easily found by Zot.
You glow in the dark.
You regain HP and MP as you explore.
((You have sharp toenails.))
((Your flesh is heat resistant. (rF+)))
Your magical capacity is low. (-10% MP)


Message History

The tarantella touches you but does no damage.
The pharaoh ant bites you!
The jumping spider leaps!
The demonic crawler hits you but does no damage.
The demonic crawler hits you.
The demonic crawler hits you but does no damage.
The tarantella touches you.
The pharaoh ant bites you but does no damage.
You nearly hit yourself!
The tarantella touches you but does no damage.
The demonic crawler hits you!
* * * LOW HITPOINT WARNING * * *
The demonic crawler hits you but does no damage.
The demonic crawler hits you!
* * * LOW HITPOINT WARNING * * *
The pharaoh ant bites you!
* * * LOW HITPOINT WARNING * * *
You feel much better.
The tarantella touches you but does no damage.
The pharaoh ant bites you but does no damage.
The demonic crawler hits you but does no damage.
The demonic crawler hits you.
* * * LOW HITPOINT WARNING * * *
The demonic crawler hits you!
* * * LOW HITPOINT WARNING * * *
The jumping spider pounces on you!
* * * LOW HITPOINT WARNING * * *
You are caught in a web!
The jumping spider bites you but does no damage.
The tarantella touches you!
* * * LOW HITPOINT WARNING * * *
Okay, then.
You feel much better. The pharaoh ant bites you!
* * * LOW HITPOINT WARNING * * *
The demonic crawler hits you.
* * * LOW HITPOINT WARNING * * *
The demonic crawler hits you but does no damage. x2
The jumping spider leaps!
The tarantella touches you but does no damage.
The pharaoh ant bites you!!
You die...

,, ,
,,,..............# * ,
* ,..=.....†.......#
,,,.....^...†.†....#,,
, ...^....^.^....# * ,
..........[...# * ,,
..............##,,, *
, ,,...............##
, .........sB..^..# ,,
, , ,
^........s♣...#..#, *,
#$......#○......## ,
#####...........# *
#.^.^....#.^#*,
#^^#.........# ** ,
#.[^#..^.....# ,
###.s....#..## ,
###....##.. ##...# ^.


You could see a demonic crawler, a pharaoh ant, a jumping spider and a
tarantella.

Vanquished Creatures
  Nikola (Spider:4)
  2 emperor scorpions (Spider:3)
  A broodmother (Spider:3)
  2 spark wasps
  4 entropy weavers
  A fire dragon (Lair:5)
  4 hydras
  A catoblepas (Lair:1)
  A two-headed ogre (D:8)
  A radroach (Spider:3)
  3 demonic crawlers
  3 boulder beetles
  2 death yaks (Lair:5)
  Sonja (Lair:4)
  3 pharaoh ants
  A sun moth (Spider:1)
  6 orb spiders
  Pikel (D:9)
  A lindwurm (Lair:5)
  A steelbarb worm (Spider:3)
  An orc knight (Bailey)
  9 wolf spiders
  An oklob plant (Lair:3)
  3 moths of wrath
  5 elephants (Lair:5)
  3 merfolk sirens (Lair:3)
  6 black mambas
  2 molten gargoyles (Lair:5)
  Maggie (D:6)
  3 torpor snails
  8 cane toads
  2 rime drakes
  13 komodo dragons
  4 meliai
  A merfolk (Lair:3)
  2 polar bears
  A hornet (D:8)
  Prince Ribbit (D:9)
  19 blink frogs
  20 tarantellas
  16 jumping spiders
  19 culicivoras
  4 wyverns
  56 yaks
  3 steam dragons
  3 basilisks
  30 redbacks
  4 hell hounds (Lair:5)
  Duvessa (D:6)
  13 water moccasins
  An ice beast (D:8)
  7 orc warriors
  3 black bears
  2 sky beasts (D:7)
  An ogre (D:6)
  3 centaurs
  18 wolves
  2 phantoms
  A kobold brigand (D:9)
  A lemure (D:9)
  9 bullfrogs
  A gnoll sergeant (D:9)
  3 scorpions
  3 wights (D:7)
  Dowan (D:6)
  17 killer bees
  An electric eel (Spider:1)
  5 howler monkeys
  5 lava snakes (Lair:5)
  2 hounds
  2 jellies
  5 orc priests (D:9)
  2 gnoll boudas (D:9)
  2 sleepcaps
  9 orc wizards
  4 hell rats (Lair:2)
  8 mummies (Ossuary)
  18 gnolls
  7 adders
  A shadow imp (D:6)
  2 white imps (D:6)
  An ufetubus (D:5)
  A worm (D:2)
  3 dart slugs (D:1)
  11 orcs
  8 ball pythons
  3 bats
  6 endoplasms
  4 giant cockroaches
  A gnoll zombie (Ossuary)
  10 goblins
  10 hobgoblins
  16 kobolds
  4 quokkas
  3 frilled lizards
  2 hobgoblin zombies (Ossuary)
  3 kobold zombies (Ossuary)
  2 orc zombies (Ossuary)
  3 rats
  3 spectral weapons (Spider:3)
534 creatures vanquished.

Vanquished Creatures (collateral kills)
  Jorgrun (Spider:3)
  A hydra (Lair:3)
2 creatures vanquished.

Vanquished Creatures (others)
  Asterion (Spider:3)
  A steelbarb worm (Spider:4)
  2 tarantellas (Spider:4)
  2 culicivoras
  2 redbacks (Spider:4)
8 creatures vanquished.

Grand Total: 544 creatures vanquished

Notes
Turn   | Place    | Note
-------+----------+-------------------------------------------
     0 | D:1      | Shard1697 the Meteoran Berserker began the quest for the
                  | Orb.
     0 | D:1      | Reached XP level 1. HP: 19/19 MP: 2/2
    61 | D:1      | Reached skill level 4 in Axes
    76 | D:1      | Reached XP level 2. HP: 26/26 MP: 3/3
   135 | D:1      | Found Usyxzop's Magic Scroll Shoppe.
   239 | D:1      | Reached XP level 3. HP: 23/31 MP: 4/4
   296 | D:2      | Reached skill level 5 in Axes
   439 | D:2      | Reached XP level 4. HP: 37/38 MP: 5/5
   442 | D:2      | Reached ** piety under Trog
   495 | D:2      | Found a faded altar of an unknown god.
   511 | D:2      | Found a faded altar of an unknown god.
   602 | D:3      | Reached skill level 6 in Axes
   648 | D:3      | Reached XP level 5. HP: 45/45 MP: 6/6
   867 | D:4      | Noticed a phantom
   887 | D:4      | Reached XP level 6. HP: 52/52 MP: 7/7
   888 | D:4      | Reached skill level 7 in Axes
   969 | D:4      | Found a bloodstained altar of Trog.
   969 | D:4      | Found a glowing golden altar of the Shining One.
   970 | D:4      | Found a burning altar of Makhleb.
   994 | D:4      | Found a staircase to the Ecumenical Temple.
  1086 | D:4      | Found a snail-covered altar of Cheibriados.
  1138 | D:4      | Reached *** piety under Trog
  1167 | D:5      | Entered Level 5 of the Dungeon
  1167 | D:5      | Found Hinga's Book Emporium.
  1237 | D:5      | Found Waudunt's Antique Armour Shoppe.
  1253 | D:5      | Reached XP level 7. HP: 22/60 MP: 8/8
  1283 | D:5      | Found Esuy's Armour Emporium.
  1292 | D:5      | Reached skill level 5 in Fighting
  1309 | D:5      | Reached skill level 8 in Axes
  1333 | D:5      | Found Sabimun's Antique Armour Emporium.
  1336 | D:5      | Reached XP level 8. HP: 55/70 MP: 9/9
  1541 | D:5      | Bought a pair of boots for 121 gold pieces
  1631 | D:6      | Reached skill level 9 in Axes
  1679 | D:6      | Noticed Maggie
  1699 | D:6      | Killed Maggie
  1700 | D:6      | Reached skill level 10 in Axes
  1700 | D:6      | Gained mutation: You passively map the area around you.
                  | [Meteoran growth]
  1700 | D:6      | Reached XP level 9. HP: 68/81 MP: 10/10
  1874 | D:6      | Noticed Dowan
  1876 | D:6      | Noticed Duvessa
  1886 | D:6      | Killed Dowan
  1886 | D:6      | Killed Duvessa
  2072 | D:7      | Reached skill level 11 in Axes
  2180 | D:7      | Reached **** piety under Trog
  2200 | D:7      | Reached XP level 10. HP: 20/91 MP: 11/11
  2384 | D:7      | Reached skill level 10 in Fighting
  2384 | D:7      | Reached skill level 12 in Axes
  2468 | D:8      | Found the +8 mithril axe "Arga" {speed, Will+}
  2468 | D:8      | Found a flagged portal.
  2483 | Bailey   | Entered a bailey
  2542 | Bailey   | Noticed an orc knight
  2553 | Bailey   | Reached skill level 1 in Evocations
  2556 | Bailey   | Killed an orc knight
  2640 | Bailey   | Identified the +0 ring mail "Hateum" {rPois Int-3 Dex+3}
  2664 | D:8      | Found a broken altar of Ashenzari.
  2715 | D:8      | Found a sand-covered staircase.
  2720 | Ossuary  | Entered an ossuary
  2735 | Ossuary  | Reached ***** piety under Trog
  2748 | Ossuary  | Reached skill level 13 in Axes
  2874 | Ossuary  | Gained mutation: Your magical capacity is low. (-10% MP)
                  | [potion of mutation]
  2874 | Ossuary  | Gained mutation: You have sharp toenails. [potion of
                  | mutation]
  2874 | Ossuary  | Gained mutation: Your flesh is heat resistant. (rF+)
                  | [potion of mutation]
  3119 | D:8      | Noticed a two-headed ogre
  3133 | D:8      | Killed a two-headed ogre
  3134 | D:8      | Reached XP level 11. HP: 100/100 MP: 10/10
  3199 | D:8      | Reached skill level 5 in Armour
  3386 | D:9      | Noticed a boulder beetle
  3395 | D:9      | Killed a boulder beetle
  3396 | D:9      | Reached skill level 14 in Axes
  3396 | D:9      | Reached skill level 5 in Evocations
  3514 | D:9      | Noticed Prince Ribbit
  3521 | D:9      | Killed Prince Ribbit
  3708 | D:9      | Noticed Pikel
  3717 | D:9      | Killed Pikel
  3773 | D:9      | Found a staircase to the Lair.
  3784 | Lair:1   | Entered Level 1 of the Lair of Beasts
  3803 | Lair:1   | Reached skill level 15 in Axes
  3836 | Lair:1   | Reached XP level 12. HP: 106/106 MP: 11/11
  3840 | Lair:1   | Noticed a catoblepas
  3847 | Lair:1   | Killed a catoblepas
  3847 | Lair:1   | Identified the +8 broad axe of Lumemaf {heavy, rN+++ Will-
                  | Int-2 Dex+8} (Trog gifted it to you on level 1 of the Lair
                  | of Beasts)
  3847 | Lair:1   | Received a gift from Trog
  3858 | Lair:1   | Reached skill level 16 in Axes
  4174 | Lair:2   | Reached skill level 17 in Axes
  4292 | Lair:2   | Reached XP level 13. HP: 105/113 MP: 12/12
  4309 | Lair:2   | Noticed a seven-headed hydra
  4325 | Lair:2   | Killed a one-headed hydra
  4325 | Lair:2   | Reached ****** piety under Trog
  4477 | Lair:2   | Found a hole to the Spider Nest.
  4606 | Lair:3   | Reached skill level 10 in Armour
  4614 | Lair:3   | Found an iron altar of Okawaru.
  4625 | Lair:3   | Noticed a five-headed hydra
  4637 | Lair:3   | Killed a three-headed hydra
  4660 | Lair:3   | Reached skill level 18 in Axes
  4671 | Lair:3   | Reached skill level 10 in Evocations
  4687 | Lair:3   | Found a staircase to the Shoals.
  5026 | Lair:4   | Noticed Sonja
  5037 | Lair:4   | Killed Sonja
  5080 | Lair:4   | Reached XP level 14. HP: 109/122 MP: 13/13
  5135 | Lair:4   | Reached skill level 5 in Dodging
  5140 | Lair:4   | Received a gift from Trog
  5373 | Lair:4   | Identified the +1 scale mail "Ifrep" {rElec Slay+2}
  5392 | Lair:5   | Entered Level 5 of the Lair of Beasts
  5594 | Lair:5   | Found a viscous altar of Jiyva.
  5595 | Lair:5   | Found a staircase to the Slime Pits.
  6054 | Lair:5   | Reached skill level 10 in Dodging
  6076 | Lair:5   | Found a large runed translucent door.
  6076 | Lair:5   | Found a large runed translucent door.
  6081 | Lair:5   | Noticed a fire dragon
  6091 | Lair:5   | Killed a fire dragon
  6092 | Lair:5   | Reached XP level 15. HP: 120/132 MP: 14/14
  6251 | Spider:1 | Entered Level 1 of the Spider Nest
  6257 | Spider:1 | Received a gift from Trog
  6340 | Spider:1 | Reached skill level 1 in Stealth
  6777 | Spider:2 | Reached skill level 19 in Axes
  6896 | Spider:2 | Received a gift from Trog
  7276 | Spider:2 | Reached XP level 16. HP: 121/143 MP: 15/15
  7446 | Spider:3 | Noticed Jorgrun
  7456 | Spider:3 | Killed Jorgrun
  7523 | Spider:4 | Entered Level 4 of the Spider Nest
  7523 | Spider:4 | Noticed Asterion
  7543 | Spider:3 | Killed Asterion
  7806 | Spider:4 | Reached skill level 5 in Stealth
  7833 | Spider:4 | Noticed an emperor scorpion
  7834 | Spider:4 | Noticed Nikola
  7848 | Spider:3 | Killed an emperor scorpion
  7899 | Spider:4 | Noticed an emperor scorpion
  8114 | Spider:3 | Killed an emperor scorpion
  8274 | Spider:4 | Killed Nikola
  8309 | Spider:4 | Mangled by a pharaoh ant

Illustrated notes

Levels and vault maps discovered:
D:1:      minmay_arrival_four_houses, layout_basic, serial_shops, shop
D:2:      minmay_chambers_of_twos, layout_loops_ring,
          hellmonk_ecumenical_altar_the_god_not_taken
D:3:      layout_rooms
D:4:      layout_basic, grunt_temple_overflow_open,
          mainiacjoe_overflow_chevrons, temple_pool_b
D:5:      layout_loops_ring, serial_shops, nicolae_shop_dealshenge,
          nicolae_shop_crystal, shop, shop
D:6:      layout_basic, uniq_maggie, uniq_duvessa
D:7:      layout_loops_ring, minmay_misc_feat_nine_boxes
D:8:      minmay_flawed_box, layout_loops_corners, nicolae_ashenzari_panopticon,
          enter_bailey_2, nicolae_ossuary_entry_plus
D:9:      layout_roguey, lair_entry_dummy, hangedman_abyss_or_decor_clamps,
          uniq_prince_ribbit1, uniq_pikel
Lair:1:   layout_misc_corridors
Lair:2:   layout_chaotic_city, hellmonk_spider_entry_not_the_bees,
          nicolae_quartered_pool_impasse, infiniplex_staircase_pool_2,
          serial_bayou_shore_a
Lair:3:   layout_cellular_growth, elwin_shoals_entry_stream, lemuel_oklob_altar
Lair:4:   layout_hall_layers, dreamdust_gnoll_shepherd, uniq_sonja
Lair:5:   cheibrodos_lair_end_hotspot, layout_concentric_octagons, slime_entry_1
Spider:1: layout_spider_delve
Spider:2: layout_spider_delve
Spider:3: layout_spider_delve, uniq_jorgrun
Spider:4: hellmonk_spider_rune_bug_friends, spiders_nest_hornet_nest,
          uniq_mlioglotl, uniq_nikola, uniq_asterion

Skill      XL: |  1  2  3  4  5  6  7  8  9 10 11 12 13 14 15 16 |
---------------+-------------------------------------------------+-----
Axes           | 4 5 6 7 8 10 11 13 15 17 18 19 | 19.8
Fighting       | 4 6 7 9 10 11 13 | 13.9
Evocations     | 4 6 8 10 | 10.4
Armour         | 4 7 9 11 12 14 | 14.8
Dodging        | 4 10 | 10.1
Stealth        | 4 5 |  5.4

Action                     |  1- 3 |  4- 6 |  7- 9 | 10-12 | 13-15 | 16-18 || total
---------------------------+-------+-------+-------+-------+-------+-------++-------
  Melee: Hand axe          |    56 |   116 |   173 |    43 |    23 |       ||   411
         Punch             |       |     1 |     1 |     4 |     8 |     2 ||    16
         Broad axe         |       |       |       |   327 |   669 |   178 ||  1174
 Invoke: Berserk           |       |     2 |     2 |     4 |     3 |     4 ||    15
         Brothers in Arms  |       |       |       |       |       |     3 ||     3
         Trog's Hand       |       |       |       |       |       |     1 ||     1
  Evoke: Wand              |       |       |       |     1 |     8 |     7 ||    16
         Phantom mirror    |       |       |       |       |     1 |       ||     1
         Phial of floods   |       |       |       |       |       |     1 ||     1
    Use: Scroll            |       |       |    15 |     2 |     1 |     4 ||    22
         Potion            |       |       |       |     7 |     1 |    10 ||    18
   Stab: Sleeping          |     1 |       |       |       |       |       ||     1
         Paralysed         |       |       |       |     1 |     2 |     4 ||     7
         Petrifying        |       |       |       |     1 |       |       ||     1
         Petrified         |       |       |       |     1 |       |       ||     1
         Distracted        |       |       |       |       |       |     1 ||     1
 Armour: Animal skin       |     3 |       |       |       |       |       ||     3
         Leather armour    |     2 |    25 |    33 |       |       |       ||    60
         Ring mail         |       |       |    27 |   149 |    66 |       ||   242
         Steam dragon scal |       |       |     5 |       |       |       ||     5
         Scale mail        |       |       |       |       |   141 |   109 ||   250
         Skin              |       |       |       |       |       |    18 ||    18
  Dodge: Dodged            |    24 |    65 |    76 |   129 |   314 |   118 ||   726

Table legend: (Time is in decaauts)
 A = Elapsed time spent in this place.
 B = Non-inter-level travel time spent in this place.
 C = Inter-level travel time spent in this place.
 D = Time resting spent in this place.
 E = Time spent auto-exploring this place.
 F = Levels seen in this place.
 G = Mean time per level.
                   A        B        C        D        E       F      G
               +--------+--------+--------+--------+--------+-----+--------+
         Total |   7849 |   6845 |   1004 |    145 |    115 |  20 |  392.5 |
       Dungeon |   3509 |   3131 |    378 |      7 |     68 |   9 |  389.9 |
          Lair |   2147 |   1906 |    241 |      0 |      0 |   5 |  429.4 |
   Spider Nest |   1876 |   1491 |    385 |    138 |      0 |   4 |  469.0 |
       Ossuary |    152 |    152 |      0 |      0 |     22 |   1 |  152.0 |
        Bailey |    164 |    164 |      0 |      0 |     25 |   1 |  164.0 |
               +--------+--------+--------+--------+--------+-----+--------+

Top non-repeatable levels by time:
Spider:3: 891 daAuts
  Lair:5: 669 daAuts
Spider:2: 626 daAuts
     D:8: 543 daAuts
     D:9: 501 daAuts
     D:6: 476 daAuts
  Lair:3: 430 daAuts
     D:7: 425 daAuts
  Lair:4: 383 daAuts
  Lair:2: 366 daAuts
     D:4: 357 daAuts
     D:5: 344 daAuts
     D:2: 315 daAuts
  Lair:1: 297 daAuts
Spider:1: 286 daAuts
